cohdb
Replays
Latest Replays
All Replays
Popular Replays
Top Player Replays
Match Explorer
How It Works
Community
CoH3 Stats
Reddit
Sign in to upload your games and track your stats! →
Sign in with Steam
Match 39735875
Unlisted
Match 39735875
Overview
Messages
Build Orders
End
Panzerpioneer Squad
Panzerpioneer Squad
Selects Battlefield Espionage Battlegroup
250 Light Carrier
250 Light Carrier
250 Light Carrier
Construct Light Support Kompanie
Panzerjäger Squad
Selects Intel Disruption Beacon
Combat Half-tracks
Assault Mechanized Group
MG34 Team
Selects 250/3 Funkpanzerwagen
2.5-tonne Medical Truck
Selects Anti-Tank Incendiary Munitions
Fire Support Elements
Assault Mechanized Group
Pak 38 Anti-tank Gun Team
Assault Grenadier Squad
Selects Plunder
Selects Transfer Depots
Veteran Squad Leaders
Selects Operation Skorpion
Genius Malignus
سَۨفُـيٰانۨوٰس
0
0
Comments
sign in to comment!
No comments posted yet!